 Dungeon Crawl Stone Soup version 0.29-a0-194-g6e3aafee17 (webtiles) character file.

Game seed: 13075294340547937868

100 drugrobin the Poker (level 4, -13/36 HPs)
             Began as a Demigod Warper on Feb 22, 2022.
             Killed from afar by a steam dragon (15 damage)
             ... with a ball of steam
             ... on level 3 of the Dungeon.
             The game lasted 00:13:20 (4303 turns).

drugrobin the Poker (Demigod Warper)                Turns: 4303, Time: 00:13:20

Health: -13/36     AC: 10    Str: 22    XL:     4   Next: 23%
Magic:  9/9        EV: 11    Int: 15    God:
Gold:   114        SH:  0    Dex: 13    Spells: 1/6 levels left

rFire   . . .      SeeInvis .   b - +0 hunting sling
rCold   . . .      Faith    .   (no shield)
rNeg    + . .      Spirit   .   r - +2 ring mail {rN+}
rPois   .          Reflect  .   (no helmet)
rElec   .          Harm     .   (no cloak)
rCorr   .          Rampage  .   f - +0 pair of gloves
Will    .....                   g - +1 pair of boots
Stlth   +.........              (no amulet)
HPRegen 0.12/turn               e - +6 ring of strength
MPRegen 0.11/turn               (no ring)

@: lethally poisoned (-13 -> -21)
A: high MP 1, forlorn, divine attributes
a: no special abilities


You were on level 3 of the Dungeon.
You visited 1 branch of the dungeon, and saw 4 of its levels.

You collected 114 gold pieces.

Inventory:

Hand Weapons
 a - a +1 spear
 b - a +0 hunting sling (weapon)
 c - a +2 dagger of venom
Missiles
 d - 5 boomerangs of dispersal
 i - 2 poisoned darts
 p - 114 stones (quivered)
Armour
 f - a +0 pair of gloves (worn)
 g - a +1 pair of boots (worn)
 h - a +0 leather armour
 r - a +2 ring mail of positive energy (worn)
Jewellery
 e - a +6 ring of strength (left hand)
Scrolls
 n - a scroll of noise
 o - a scroll of blinking
Potions
 j - a potion of brilliance


   Skills:
 - Level 1.7 Fighting
 + Level 3.8 Polearms
 - Level 0.8 Throwing
 - Level 0.8 Armour
 - Level 1.7 Dodging
 + Level 1.2 Stealth
 - Level 1.7 Spellcasting
 + Level 3.0 Translocations


You had one spell level left.
You knew the following spells:

 Your Spells              Type           Power      Damage    Failure   Level
a - Blink                 Tloc           20%        N/A       16%         2
b - Teleport Other        Tloc           10%        N/A       30%         3

Your spell library contained the following spells:

 Spells                   Type           Power      Damage    Failure   Level
 Gell's Gravitas          Tloc           10%        N/A       30%         3
 Lesser Beckoning         Tloc           10%        N/A       30%         3
 Ensorcelled Hibernation  Hex/Ice        2%         N/A       50%         2
 Passwall                 Tmut/Erth      0%         N/A       50%         2
 Swiftness                Air            1%         N/A       73%         3
 Manifold Assault         Tloc           10%        N/A       96%         5


Dungeon Overview and Level Annotations

Branches:
Dungeon (4/15)
 Temple: D:4-7

Annotations:
D:2 Terence
D:3 3 runed translucent doors, Bediveer's ghost, amateur HOMo; awesomeguy42's ghost, amateur HuNe; hgbash's ghost, amateur DECj; hgbash's ghost, amateur GrEE
D:4 Dowan, Duvessa


Innate Abilities, Weirdness & Mutations

You have an increased reservoir of magic. (+10% MP)
You shall have no god before yourself.
Your divine heritage dramatically boosts your attributes as you level up.


Message History

The water moccasin bites you!
Unknown command.
Unknown command.
The orc hits you but does no damage. The water moccasin bites you.
Unknown command.
Unknown command.
Unknown command.
Unknown command.
Unknown command.
The orc misses you.
The steam dragon bites you but does no damage.
The steam dragon misses you. The water moccasin bites you!
You are lethally poisoned!
The water moccasin poisons you!
Unknown command.
Unknown command.
Unknown command.
Unknown command.
* * * LOW HITPOINT WARNING * * *
You feel very sick.
Unknown command.
Unknown command.
Unknown command.
Okay, then.
Unknown command.
* * * LOW HITPOINT WARNING * * *
You feel very sick. The orc hits you with a +0 whip.
* * * LOW HITPOINT WARNING * * *
The steam dragon bites you but does no damage.
The steam dragon claws you but does no damage.
Unknown command.
Unknown command.
Unknown command.
* * * LOW HITPOINT WARNING * * *
You feel sick. The water moccasin bites you.
* * * LOW HITPOINT WARNING * * *
The steam dragon breathes steam at you. The ball of steam hits you!
You die...

.....+..... #
....W+.... #
.....+...##########
....W#......D......
####8....#...##########
#..##$?8:#...#
#...######...#
#....o.......#
#....D@.#####....
#....S### ..... #######
...?. ..... .... !....
#.... #.... #...S ###


You could see a steam dragon (catching breath), a water moccasin and an orc.

Vanquished Creatures
  A jelly (D:2)
  A worm (D:3)
  12 endoplasms
  A giant cockroach (D:1)
  4 goblins
  5 hobgoblins
  4 jackals (D:1)
  13 kobolds
  2 quokkas (D:2)
  2 ball pythons
  5 bats
  6 frilled lizards
  4 rats
60 creatures vanquished.

Vanquished Creatures (others)
  4 fungi (D:2)
  10 toadstools (D:2)
14 creatures vanquished.

Grand Total: 74 creatures vanquished

Notes
Turn   | Place    | Note
-------+----------+-------------------------------------------
     0 | D:1      | drugrobin the Demigod Warper began the quest for the Orb.
     0 | D:1      | Reached XP level 1. HP: 17/17 MP: 5/5
   430 | D:1      | Reached XP level 2. HP: 24/24 MP: 7/7
   438 | D:1      | Learned a level 2 spell: Blink
  1730 | D:2      | Reached XP level 3. HP: 29/29 MP: 8/8
  1767 | D:2      | Noticed Terence
  3084 | D:2      | Reached skill level 1 in Stealth
  3084 | D:2      | Reached XP level 4. HP: 21/36 MP: 9/9
  3401 | D:2      | Learned a level 3 spell: Teleport Other
  3569 | D:3      | Noticed a steam dragon
  3813 | D:4      | Noticed Dowan
  3815 | D:4      | Noticed Duvessa
  3841 | D:4      | Identified the +1 ring mail of the Gastropod {Harm rF+
                  | Int+2}
  4099 | D:3      | Noticed a water moccasin
  4283 | D:3      | Found a runed translucent gate.
  4283 | D:3      | Found a runed translucent gate.
  4285 | D:3      | Found a runed translucent gate.
  4285 | D:3      | Noticed hgbash's ghost (amateur DECj)
  4285 | D:3      | Noticed hgbash's ghost (amateur GrEE)
  4285 | D:3      | Noticed awesomeguy42's ghost (amateur HuNe)
  4286 | D:3      | Noticed Bediveer's ghost (amateur HOMo)
  4303 | D:3      | Killed from afar by a steam dragon

Illustrated notes

Levels and vault maps discovered:
D:1:      nicolae_arrival_washed_ashore, layout_basic,
          hellmonk_ecumenical_altar_arch_garden, minmay_misc_feat_room,
          minmay_misc_feat_square, minmay_heptomino_d4
D:2:      cheibrodos_fertilizer, layout_rooms, uniq_terence
D:3:      layout_basic, gammafunk_ghost_cemetery
D:4:      minmay_evil_eye, layout_cave_pods, minmay_temple_entry_large_hall,
          kennysheep_potato, uniq_sigmund, uniq_edmund, uniq_duvessa

Skill      XL: |  1  2  3  4 |
---------------+-------------+-----
Polearms       | 2 3 |  3.8
Stealth        | 1 |  1.2
Translocations | 3 |  3.0
Fighting       | |  1.7
Throwing       | |  0.8
Armour         | |  0.8
Dodging        | |  1.7
Spellcasting   | |  1.7

Action                   |  1- 3 |  4- 6 || total
-------------------------+-------+-------++-------
Melee: Spear             |   146 |    44 ||   190
       Punch             |     1 |     1 ||     2
       Dagger            |    39 |    10 ||    49
Throw: Stone             |     1 |       ||     1
 Cast: Blink             |     1 |     3 ||     4
       Teleport Other    |       |     3 ||     3
  Use: Potion            |       |     5 ||     5
       Scroll            |       |     2 ||     2
 Stab: Sleeping          |     1 |     1 ||     2
       Distracted        |       |     1 ||     1
Armor: Leather armour    |    69 |     1 ||    70
       Ring mail         |       |    15 ||    15
Dodge: Dodged            |    91 |    31 ||   122

Table legend: (Time is in decaauts)
 A = Elapsed time spent in this place.
 B = Non-inter-level travel time spent in this place.
 C = Inter-level travel time spent in this place.
 D = Time resting spent in this place.
 E = Time spent auto-exploring this place.
 F = Levels seen in this place.
 G = Mean time per level.
                   A        B        C        D        E       F      G
               +--------+--------+--------+--------+--------+-----+--------+
         Total |   4294 |   4128 |    166 |    966 |   1795 |   4 | 1073.5 |
       Dungeon |   4294 |   4128 |    166 |    966 |   1795 |   4 | 1073.5 |
               +--------+--------+--------+--------+--------+-----+--------+

Top non-repeatable levels by time:
     D:1: 2054 daAuts
     D:2: 1514 daAuts
     D:3: 430 daAuts
     D:4: 294 daAuts
